AoeStats
← hightower_208

Arena

506656563Analyzed
2v2 RM · 18d ago on Sep 14, 2026· 25m 33s· 4 players
Game mode
Random Map
Map size
Medium (4 player)
Population
200
Speed
Normal
Resources
Standard
Victory
Conquest
Starting age
Dark Age
Ending age
Imperial Age
RankedLock teamsTeams togetherTeam positionsShared explorationLock speedFull tech treeHidden civsTurbo modeCheats
Victory
Defeat
🇳🇴 Bohemians · Norway
1821
+9
🇳🇴 Vietnamese · Norway
1713
+13
🇩🇪 Goths · Germany
1698
-12
🇩🇪 Italians · Germany
1619
-10
[Nors] OG DADDY
10:45 Feudal Age
11:28 Loom
14:27 Castle Age
17:25 Sanctity
18:08 Redemption
19:19 Atonement
23:18 Fervor
saracast
10:57 Feudal Age
14:49 Castle Age
12:50 Double-Bit Axe
13:03 Horse Collar
13:50 Gold Mining
15:42 Bow Saw
16:45 Scale Mail Armor
16:49 Squires
20:00 Chain Mail Armor
22:16 Arson
22:18 Loom
23:08 Forging
hightower_208
9:45 Feudal Age
13:55 Castle Age
12:01 Double-Bit Axe
12:13 Horse Collar
15:00 Bow Saw
21:02 Wheelbarrow
21:21 Heavy Plow
22:23 Loom
23:04 Fletching
Mjoelnir
9:15 Feudal Age
12:47 Castle Age
10:59 Double-Bit Axe
12:30 Horse Collar
14:49 Gold Mining
16:03 Loom
17:23 Redemption
19:04 Sanctity
20:34 Atonement
27:04 Imperial Age
25:44 Devotion
Connection lost

Rejoining the realm…

Still unreachable

The connection could not be restored.

Session expired

The server has moved on; the page needs a fresh start.